 Dungeon Crawl Stone Soup version 0.28-a0-1435-g82390b3a13 (webtiles) character file.

Game seed: 12437844003158470236

58 hashsling the Sneak (level 4, -12/26 HPs)
             Began as a Kobold Brigand on Jan 9, 2022.
             Killed from afar by Ijyb (17 damage)
             ... with an iceblast
             ... on level 2 of the Dungeon.
             The game lasted 00:05:39 (1328 turns).

hashsling the Sneak (Kobold Brigand)                Turns: 1328, Time: 00:05:40

Health: -12/26     AC:  3    Str:  8    XL:     4   Next: 21%
Magic:  4/4        EV: 14    Int: 12    God:
Gold:   83         SH:  0    Dex: 18    Spells: 2/3 levels left

rFire   . . .      SeeInvis .   a - +3 dagger
rCold   . . .      Faith    .   (no shield)
rNeg    . . .      Spirit   .   b - +0 robe
rPois   .          Reflect  .   (no helmet)
rElec   .          Harm     .   c - +0 cloak
rCorr   .          Rampage  .   (no gloves)
Will    .....                   (no boots)
Stlth   ++++......              (no amulet)
HPRegen 0.08/turn               (no ring)
MPRegen 0.09/turn               (no ring)

@: no status effects
A: small, no large weapons, nightstalker 3
a: no special abilities


You were on level 2 of the Dungeon.
You visited 1 branch of the dungeon, and saw 2 of its levels.

You collected 83 gold pieces.

Inventory:

Hand Weapons
 a - a +3 dagger (weapon)
 i - a +1 dagger of holy wrath
Missiles
 d - 10 poisoned darts (quivered)
 e - 2 curare-tipped darts
Armour
 b - a +0 robe (worn)
 c - a +0 cloak (worn)
Magical Staves
 l - a staff of air
Wands
 m - a wand of flame (3)
Scrolls
 f - a scroll of immolation {unknown}
 j - a scroll of holy word {unknown}
 o - a scroll of magic mapping {unknown}
Potions
 k - a potion of heal wounds
 n - a potion of might {unknown}


   Skills:
 - Level 2.1 Fighting
 * Level 4.3 Short Blades
 - Level 2.1 Throwing
 + Level 1.4 Dodging
 * Level 6.4 Stealth


You had 2 spell levels left.
You knew the following spells:

 Your Spells              Type           Power      Damage    Failure   Level
a - Beastly Appendage     Tmut           0%         N/A       32%         1

Your spell library contained the following spells:

 Spells                   Type           Power      Damage    Failure   Level
 Animate Skeleton         Necr           0%         N/A       32%         1
 Apportation              Tloc           0%         N/A       32%         1
 Summon Small Mammal      Summ           0%         N/A       32%         1
 Wereblood                Tmut           0%         N/A       45%         2
 Spider Form              Tmut/Pois      0%         N/A       69%         3


Dungeon Overview and Level Annotations

Branches:
Dungeon (2/15)

Altars:

Annotations:
D:2 Ijyb


Innate Abilities, Weirdness & Mutations

You are small and have problems with some larger weapons.
You are completely attuned to the shadows.


Message History

Press: ? - help, Q - select action, (/) - cycle Shift-Dir - straight line, f - goblin
Aim: a goblin, wielding a +0 club (56% to hit)
You throw a poisoned dart. The poisoned dart hits the goblin!
The goblin is poisoned.
Throw: 13 darts (poison)
Press: ? - help, Q - select action, (/) - cycle Shift-Dir - straight line, f/p - goblin
Aim: a goblin, wielding a +0 club (56% to hit)
You throw a poisoned dart. The poisoned dart hits the goblin.
The goblin looks even sicker.
The goblin is heavily wounded.
You hit the goblin.
You kill the goblin!
Ijyb zaps a wand.
The mass of ice explodes!
The iceblast engulfs you!!
Ouch! That really hurt!
* * * LOW HITPOINT WARNING * * *
The iceblast engulfs the goblin!!
The goblin dies!
You see here a +0 dagger.
Throw: 12 darts (poison)
Press: ? - help, Q - select action, (/) - cycle Shift-Dir - straight line, f - goblin
Aim: a goblin, wielding a +0 club (56% to hit)
You throw a poisoned dart. The poisoned dart hits Ijyb.
Ijyb is poisoned.
Throw: 11 darts (poison)
Press: ? - help, Q - select action, (/) - cycle Shift-Dir - straight line, f - Ijyb
Aim: Ijyb, wielding a +0 dagger, wearing a +0 scale mail and carrying a wand of iceblast (11) (lightly wounded, poisoned, 60% to hit)
You throw a poisoned dart. The poisoned dart hits Ijyb.
Ijyb looks even sicker.
Ijyb is lightly wounded.
You hit Ijyb but do no damage.
Ijyb is lightly wounded.
Ijyb hits you but does no damage.
You barely miss Ijyb.
Ijyb is lightly wounded.
Ijyb misses you.
Ijyb screams, "No!
No, no, no, no!"
You hit Ijyb but do no damage.
Ijyb is moderately wounded.
Unknown command.
Ijyb zaps a wand.
The mass of ice explodes!
The iceblast engulfs you!
Ouch! That really hurt!
You die...

#.# #.# ######### #.#
#.......# #.# #.......#
#############.####.......#
..........<.#.#..........#
....#######.....@.gg.....#
.##.# #><...##g......#
.##.# #..g..##.......#
.##.# #...>.###)#.#######
.##.# #..>..gg(g#.......#
## ....#
.....gg##########.# #.
....######.......# #.# #.
#........#8...g.8# #.# #.
.....###.#...g.g.# ### #.#
#.


You could see Ijyb (poisoned), a hobgoblin and 2 goblins.

Vanquished Creatures
  2 adders (D:2)
  2 dart slugs
  2 endoplasms (D:1)
  4 goblins
  4 hobgoblins
  2 jackals (D:1)
  6 kobolds
  A quokka (D:1)
  4 ball pythons
  4 bats
  A frilled lizard (D:1)
32 creatures vanquished.

Vanquished Creatures (others)
  A goblin (D:2)
1 creature vanquished.

Grand Total: 33 creatures vanquished

Notes
Turn   | Place    | Note
-------+----------+-------------------------------------------
     0 | D:1      | hashsling the Kobold Brigand began the quest for the Orb.
     0 | D:1      | Reached XP level 1. HP: 12/12 MP: 1/1
   105 | D:1      | Reached XP level 2. HP: 17/17 MP: 2/2
   277 | D:1      | Found a faded altar of an unknown god.
   286 | D:1      | Reached XP level 3. HP: 18/21 MP: 3/3
   287 | D:1      | Reached skill level 6 in Stealth
   681 | D:1      | You fall into a shaft and drop 1 floor!
   708 | D:2      | Learned a level 1 spell: Beastly Appendage
   736 | D:2      | Reached XP level 4. HP: 26/26 MP: 4/4
  1306 | D:2      | Noticed Ijyb
  1328 | D:2      | Killed from afar by Ijyb

Illustrated notes

Levels and vault maps discovered:
D:1:      dpeg_arrival_simpleton_b, layout_loops_ring,
          hellmonk_ecumenical_altar_zigzags, feat_on_display
D:2:      kennysheep_the_goblin_king, layout_loops_corners

Skill      XL: |  1  2  3 |
---------------+----------+-----
Short Blades   | 3 4 |  4.3
Stealth        | 6 |  6.4
Fighting       | |  2.1
Throwing       | |  2.1
Dodging        | |  1.4

Action                   |  1- 3 |  4- 6 || total
-------------------------+-------+-------++-------
Melee: Dagger            |    37 |    17 ||    54
Throw: Dart              |       |     4 ||     4
  Use: Potion            |       |     3 ||     3
 Stab: Sleeping          |    17 |     6 ||    23
Armor: Robe              |     6 |     2 ||     8
Dodge: Dodged            |    14 |     3 ||    17

Table legend: (Time is in decaauts)
 A = Elapsed time spent in this place.
 B = Non-inter-level travel time spent in this place.
 C = Inter-level travel time spent in this place.
 D = Time resting spent in this place.
 E = Time spent auto-exploring this place.
 F = Levels seen in this place.
 G = Mean time per level.
                   A        B        C        D        E       F      G
               +--------+--------+--------+--------+--------+-----+--------+
         Total |   1330 |   1330 |      0 |      0 |   1062 |   2 |  665.0 |
       Dungeon |   1330 |   1330 |      0 |      0 |   1062 |   2 |  665.0 |
               +--------+--------+--------+--------+--------+-----+--------+

Top non-repeatable levels by time:
     D:1: 674 daAuts
     D:2: 655 daAuts
